 Dungeon Sprint DCSS version 0.26.0-16-gc1dbca0489 (webtiles) character file.

Game seed: 13033759570721941209

166 Groucho the Covert (level 5, -2/19 (24) HPs)
             Began as a Spriggan Enchanter on Jan 18, 2021.
             Slain by a necrophage (3 damage)
             ... in the Dungeon (Sprint II: "The Violet Keep of Menkaure").
             The game lasted 00:00:47 (57 turns).

Groucho the Covert (Spriggan Enchanter)               Turns: 57, Time: 00:00:48

HP:   -2/19 (24)    AC:  2    Str:  5    XL:     5   Next: 22%
MP:   10/15         EV: 18    Int: 16    God:
Gold: 0             SH:  0    Dex: 17    Spells: 16/17 levels left

rFire    . . .     SeeInvis +   a - +1 dagger
rCold    . . .     Faith    .   (shield restricted)
rNeg     . . .     Spirit   .   b - +0 robe
rPois    .         Reflect  .   (helmet restricted)
rElec    .         Harm     .   (no cloak)
rCorr    .         Rampage  .   (gloves unavailable)
Will     .....     NoTele   +   (boots unavailable)
Stlth    +++++.....             (no amulet)
HPRegen  0.06/turn              (no ring)
MPRegen  0.14/turn              (no ring)

@: berserk cooldown, hasted, heavily drained, very quick
A: very small, unfitting armour, see invisible, speed 3
a: no special abilities


You were in the Dungeon.
You visited 1 branch

Inventory:

Hand Weapons
 a - a +1 dagger (weapon)
Armour
 b - a +0 robe (worn)
Scrolls
 i - a scroll of blinking
Potions
 g - 2 potions of magic


   Skills:
 - Level 1.1 Short Blades
 - Level 3.0 Dodging
 * Level 12.2 Stealth
 + Level 6.9 Spellcasting
 + Level 7.3 Hexes


You had 16 spell levels left.
You knew the following spells:

 Your Spells              Type           Power        Failure   Level
a - Corona                Hex            32%          1%          1

Your spell library contained the following spells:

 Spells                   Type           Power        Failure   Level
 Confusing Touch          Hex            29%          1%          3
 Tukima's Dance           Hex            29%          1%          3
 Ensorcelled Hibernation  Hex/Ice        34%          4%          2
 Dazzling Flash           Conj/Hex       34%          9%          3


Dungeon Overview and Level Annotations

Branches:
Dungeon (1/1)

Altars:


Innate Abilities, Weirdness & Mutations

You are very small and have problems with some larger weapons.
You are too small for most types of armour.
You have supernaturally acute eyesight. (SInv)
You cover ground extremely quickly.


Message History

The necrophage is heavily damaged.
The necrophage barely misses you.
You hit the necrophage.
The necrophage is heavily damaged.
The necrophage barely misses you.
You hit the necrophage.
The necrophage is severely damaged.
The necrophage hits you.
* * * LOW HITPOINT WARNING * * *
You feel drained.
* * * LOW HITPOINT WARNING * * *
You hit the necrophage.
The necrophage is severely damaged.
You feel yourself speed up. The necrophage hits you.
* * * LOW HITPOINT WARNING * * *
You hit the necrophage.
The necrophage is severely damaged.
The necrophage hits you.
You die...

## ## ##$
.## .. B. #
B#. ## #l
#+# #.##
#.##.##...#
#+.<@nn#
#$##.##...#
#l #+# #.##
# ##


You could see 2 necrophages.

Vanquished Creatures
  2 necrophages (D)
2 creatures vanquished.

Vanquished Creatures (others)
  A water moccasin (D)
1 creature vanquished.

Grand Total: 3 creatures vanquished

Notes
Turn   | Place    | Note
-------+----------+-------------------------------------------
     0 | D        | Groucho the Spriggan Enchanter began the quest for the Orb.
     0 | D        | Reached XP level 1. HP: 9/9 MP: 5/5
     1 | D        | Noticed a wyvern
     1 | D        | Noticed a wyvern
     5 | D        | Noticed a boulder beetle
     5 | D        | Noticed a boulder beetle
     9 | D        | Noticed a necrophage
     9 | D        | Noticed a necrophage
     9 | D        | Noticed a necrophage
     9 | D        | Noticed a necrophage
    16 | D        | Killed a necrophage
    17 | D        | Reached skill level 10 in Stealth
    17 | D        | Reached skill level 5 in Spellcasting
    17 | D        | Reached XP level 2. HP: 13/13 MP: 5/9
    17 | D        | Reached XP level 3. HP: 16/16 MP: 6/11
    17 | D        | Reached XP level 4. HP: 21/21 MP: 6/12
    27 | D        | Killed a necrophage
    28 | D        | Reached skill level 12 in Stealth
    28 | D        | Reached XP level 5. HP: 15/24 MP: 6/15
    38 | D        | HP: 1/22 [necrophage (1)]
    46 | D        | Killed a water moccasin
    57 | D        | Slain by a necrophage

Illustrated notes

Levels and vault maps discovered:
D:        the_violet_keep_of_menkaure [sprint2_stairs_cluster_1,
          sprint2_shoproom, sprint2_temple, sprint2_basic_supplies,
          sprint2_obstacle_2, sprint2_obstacle_1, sprint2_obstacle_3,
          sprint2_obstacle_7, sprint2_obstacle_4, sprint2_timed_cluster_1,
          sprint2_smallroom_cluster_1, sprint2_smallroom_final_cluster_1,
          sprint2_transparent_cluster_1, sprint2_second_timed_cluster_1,
          sprint2_sniper_area_1, sprint2_heavy_combat_area_1,
          sprint2_mutation_trap_area_1, sprint2_forest_area_1,
          sprint2_light_combat_area_1, sprint2_behind_water_1,
          sprint2_near_end_vault_1]

Skill      XL: |  1  2  3  4 |
---------------+-------------+-----
Stealth        | 10 12 | 12.2
Spellcasting   | 5 6 |  6.9
Hexes          | 6 7 |  7.3
Short Blades   | |  1.1
Dodging        | |  3.0

Action                   |  1- 3 |  4- 6 || total
-------------------------+-------+-------++-------
Melee: Dagger            |     5 |    36 ||    41
  Use: Potion            |     1 |     3 ||     4
Armor: Robe              |       |     6 ||     6
Dodge: Dodged            |     4 |    27 ||    31
